 Dungeon Crawl Stone Soup version 0.27-a0-223-ge082b6e869 (webtiles) character file.

Game seed: 13048417787015320928

199 KristoblXynda the Slasher (level 5, 0/45 HPs)
             Began as a Draconian Gladiator on Feb 1, 2021.
             Slain by Menkaure (11 damage)
             ... on level 4 of the Dungeon.
             The game lasted 00:02:45 (2205 turns).

KristoblXynda the Slasher (Draconian Gladiator)     Turns: 2205, Time: 00:02:46

Health: 0/45       AC:  7    Str: 16    XL:     5   Next: 48%
Magic:  5/5        EV: 13    Int:  9    God:
Gold:   119        SH:  0    Dex: 13    Spells: 4/4 levels left

rFire    . . .     SeeInvis .   a - +1 long sword
rCold    . . .     Faith    .   (no shield)
rNeg     . . .     Spirit   .   (armour unavailable)
rPois    .         Reflect  .   b - +1 hat
rElec    .         Harm     .   (no cloak)
rCorr    .         Rampage  .   (no gloves)
Will     .....     Rnd*Tele +   f - +0 pair of boots (curse)
Stlth    ..........             (no amulet)
HPRegen  0.15/turn              g - ring of teleportation (curse)
MPRegen  0.09/turn              p - ring of attention (curse)

@: no status effects
A: unfitting armour, cold-blooded, AC +5
a: no special abilities


You were on level 4 of the Dungeon.
You visited 1 branch of the dungeon, and saw 4 of its levels.

You collected 119 gold pieces.

Inventory:

Hand Weapons
 a - a +1 long sword (weapon)
Missiles
 c - 2 throwing nets (quivered)
Armour
 b - a +1 hat (worn)
 f - a cursed +0 pair of boots (worn)
Jewellery
 g - a cursed ring of teleportation (left hand)
 p - a cursed ring of attention (right hand)
 q - an uncursed ring of wizardry {unknown}
Scrolls
 d - 3 scrolls of teleportation
 e - a scroll of identify
 i - a scroll of enchant weapon
 n - 2 scrolls of fog
Potions
 h - a potion of curing
 j - a potion of ambrosia {unknown}
 k - 3 potions of berserk rage


   Skills:
 + Level 3.6 Fighting
 * Level 4.8 Long Blades
 - Level 2.0 Throwing
 + Level 3.6 Dodging


You had 4 spell levels left.
You didn't know any spells.
Your spell library was empty.

Dungeon Overview and Level Annotations

Branches:
Dungeon (4/15)
 Temple: D:4-7

Altars:
Dithmenos

Annotations:
D:4 Menkaure


Innate Abilities, Weirdness & Mutations

Your plain brown scales are hard. (AC +5)
You cannot fit into any form of body armour.
You are cold-blooded and may be slowed by cold attacks.


Message History

Menkaure shouts!
There is a stone staircase leading up here.
Menkaure is nearby!
Menkaure gestures wildly while chanting.
Menkaure seems to speed up.
You slash Menkaure!
Menkaure is moderately damaged.
Menkaure calls on the powers of darkness!
Your body is wracked with pain!
You barely miss Menkaure.
Menkaure is moderately damaged.
Menkaure points at you and mumbles some strange words.
Pain shoots through your body! Menkaure hits you!!
* * * LOW HITPOINT WARNING * * *
Throw: 2 throwing nets
Press: ? - help, Q - select action Shift-Dir - straight line, f - Menkaure
Aim: Menkaure (moderately damaged, fast, 74% to hit)
Okay, then.
You feel better. Menkaure hits you!
You die...

###
..#
#.#
#.#
#M#
#@#
#<#
###


You could see Menkaure (fast).

Vanquished Creatures
  An ogre (D:2)
  3 adders
  4 worms
  4 dart slugs
  3 leopard geckos
  An orc (D:3)
  2 giant cockroaches
  7 goblins
  7 hobgoblins
  5 jackals
  A ball python (D:1)
  9 bats
  4 frilled lizards
  4 kobolds
  7 rats
62 creatures vanquished.

Notes
Turn   | Place    | Note
-------+----------+-------------------------------------------
     0 | D:1      | KristoblXynda the Draconian Gladiator began the quest for
                  | the Orb.
     0 | D:1      | Reached XP level 1. HP: 17/17 MP: 1/1
   204 | D:1      | Reached XP level 2. HP: 25/25 MP: 2/2
   503 | D:1      | Reached XP level 3. HP: 29/30 MP: 3/3
   829 | D:2      | Found a faded altar of an unknown god.
  1006 | D:2      | Found a shadowy altar of Dithmenos.
  1641 | D:3      | Noticed an ogre
  1652 | D:2      | Killed an ogre
  1653 | D:2      | Reached skill level 4 in Long Blades
  1653 | D:2      | Reached XP level 4. HP: 38/38 MP: 4/4
  1653 | D:2      | Reached XP level 5. HP: 45/45 MP: 5/5
  2199 | D:4      | Noticed Menkaure
  2204 | D:4      | HP: 2/45 [Menkaure (22)]
  2205 | D:4      | Slain by Menkaure

Illustrated notes

Levels and vault maps discovered:
D:1:      dpeg_arrival_rooms_b, layout_basic
D:2:      layout_basic, chequers_ecumenical_altar_grove,
          nicolae_dithmenos_shadow_blocks
D:3:      layout_rooms
D:4:      layout_basic, uniq_menkaure, uniq_grinder, uniq_robin

Skill      XL: |  1  2  3 |
---------------+----------+-----
Throwing       | 2 |  2.0
Dodging        | 3 |  3.6
Fighting       | 3 |  3.6
Long Blades    | 4 |  4.8

Action                   |  1- 3 |  4- 6 || total
-------------------------+-------+-------++-------
Melee: Long sword        |    99 |    45 ||   144
       Tailslap          |    13 |     8 ||    21
Throw: Throwing net      |     1 |       ||     1
  Use: Scroll            |       |    10 ||    10
       Potion            |       |     1 ||     1
 Stab: Sleeping          |     2 |       ||     2
       Held in net/web   |     1 |       ||     1
Armor: Skin              |    30 |    23 ||    53
Dodge: Dodged            |    66 |    42 ||   108
       Rpst.: Long sword |    27 |    22 ||    49

Table legend: (Time is in decaauts)
 A = Elapsed time spent in this place.
 B = Non-inter-level travel time spent in this place.
 C = Inter-level travel time spent in this place.
 D = Time resting spent in this place.
 E = Time spent auto-exploring this place.
 F = Levels seen in this place.
 G = Mean time per level.
                   A        B        C        D        E       F      G
               +--------+--------+--------+--------+--------+-----+--------+
         Total |   2234 |   2185 |     49 |    100 |   1698 |   4 |  558.5 |
       Dungeon |   2234 |   2185 |     49 |    100 |   1698 |   4 |  558.5 |
               +--------+--------+--------+--------+--------+-----+--------+

Top non-repeatable levels by time:
     D:2: 1111 daAuts
     D:1: 660 daAuts
     D:3: 455 daAuts
     D:4: 6 daAuts
